 Dungeon Crawl Stone Soup version 0.31.0-11-ge490571c62 (webtiles) character file.

Game seed: 8230309519714883257

21261 Aviak the Nimble (level 12, 0/98 HPs)
             Began as a Merfolk Conjurer on Feb 1, 2024.
             Was a Follower of Uskayaw.
             Slain by a cyan ugly thing (13 damage)
             ... on level 10 of the Dungeon.
             The game lasted 00:28:34 (12242 turns).

Aviak the Nimble (Merfolk Conjurer)                Turns: 12242, Time: 00:28:35

Health: 0/98       AC: 15    Str:  8    XL:     12   Next: 88%
Magic:  17/20      EV: 14    Int: 18    God:    Uskayaw [*.....]
Gold:   489        SH:  5    Dex: 16    Spells: 12/15 levels left

rFire   + . .        D - +6 trident "Jowesh" {flame, rPois}
rCold   + . .        S - +0 buckler
rNeg    . . .        M - +0 swamp dragon scales {rPois}
rPois   +            f - +0 helmet
rElec   .            n - +1 cloak {Stlth+}
rCorr   .            A - +0 pair of gloves
SInv    .            o - +0 pair of boots
Will    .....        (no amulet)
Stlth   ++           F - ring of protection from fire
HPRegen 0.36/turn    C - ring of protection from cold
MPRegen 0.17/turn

%: no passive effects
@: no status effects
A: (nimble swimmer 2), mertail
a: Renounce Religion, Stomp


You were on level 10 of the Dungeon.
You worshipped Uskayaw.
Uskayaw was aware of your devotion.
You visited 2 branches of the dungeon, and saw 11 of its levels.
You also visited: Bailey.

You collected 829 gold pieces.
You spent 340 gold pieces at shops.

Inventory:

Hand Weapons
 d - a +2 long sword of protection
 D - the +6 trident "Jowesh" (weapon) {flame, rPois}
   (You found it on level 2 of the Dungeon)

   rPois:     It protects you from poison
Missiles
 a - a throwing net {!f}
Armour
 f - a +0 helmet (worn)
 n - a +1 cloak of stealth (worn)
 o - a +0 pair of boots (worn)
 v - a +2 ring mail of fire resistance
 A - a +0 pair of gloves (worn)
 M - +0 swamp dragon scales (worn) {rPois}
 O - the +3 pair of gloves of Midwinter {Harm Rampage rPois Str-4}
   (You acquired it on level 7 of the Dungeon)

   Str-4:     It affects your strength (-4).
   rPois:     It protects you from poison Harm: It increases damage dealt and
   taken.
   Rampage:   It bestows one free step when moving towards enemies.
 S - a +0 buckler (worn)
Jewellery
 p - a ring of resist corrosion
 s - a ring of magical power
 y - a ring of positive energy
 C - a ring of protection from cold (right hand)
 F - a ring of protection from fire (left hand)
 G - an amulet of regeneration
 P - a ring of ice
 Z - a ring of see invisible
Wands
 k - a wand of light (12)
 r - a wand of polymorph (24)
 w - a wand of paralysis (15)
 H - a wand of digging (8)
 I - a wand of iceblast (6)
Scrolls
 e - 3 scrolls of enchant armour
 g - 2 scrolls of immolation
 j - a scroll of amnesia
 l - 3 scrolls of fog
 m - 2 scrolls of torment {!r}
 q - 2 scrolls of poison
 t - 5 scrolls of teleportation
 u - 4 scrolls of fear
 x - 3 scrolls of blinking
 Q - 5 scrolls of revelation
 R - 2 scrolls of enchant weapon
Potions
 b - 2 potions of magic
 c - 2 potions of curing
 h - 2 potions of heal wounds
 i - a potion of invisibility {unknown}
 z - 3 potions of lignification {!q}
 B - a potion of ambrosia
 E - 3 potions of enlightenment
 J - 2 potions of might {unknown}
 K - a potion of haste {unknown}
 L - 2 potions of degeneration {unknown}
 N - 3 potions of attraction {unknown}


   Skills:
 - Level 10.3 Fighting
 - Level 1.1 Long Blades
 - Level 6.0 Polearms
 - Level 6.1 Armour
 - Level 12.3 Dodging
 - Level 2.1 Stealth
 + Level 2.1 Shields
 - Level 2.0 Spellcasting
 - Level 4.0 Conjurations
 + Level 11.6 Invocations
 - Level 8.0 Evocations


You had 12 spell levels left.
You knew the following spells:

 Your Spells              Type           Power      Damage    Failure   Level
a - Magic Dart            Conj           64%        1d6       14%         1
b - Searing Ray           Conj           32%        2d5       22%         2

Your spell library contained the following spells:

 Spells                   Type           Power      Damage    Failure   Level
 Static Discharge         Conj/Air       18%        3-4/arc   45%         2
 Apportation              Tloc           2%         N/A       58%         1
 Sandblast                Erth           2%         2d4       58%         1
 Hailstorm                Conj/Ice       9%         3d6       69%         3
 Stone Arrow              Conj/Erth      18%        3d8       69%         3
 Cigotuvi's Dreadful Rot  Necr/Alch/Air  2%         N/A       75%         2
 Jinxbite                 Hex            2%         N/A       75%         2
 Scorch                   Fire           2%         2d5       75%         2
 Passwall                 Erth           1%         N/A       92%         3
 Summon Ice Beast         Ice/Summ       1%         N/A       92%         3
 Brom's Barrelling Bould  Conj/Erth      9%         2d3       97%         4
 Flame Wave               Conj/Fire      9%         2d6       97%         4
 Fulminant Prism          Conj/Alch      4%         3d5       97%         4
 Iskenderun's Mystic Bla  Conj/Tloc      9%         2d4       97%         4
 Airstrike                Air            0%         2d(1-17)  100%        4
 Animate Armour           Summ/Erth      2%         N/A       100%        4
 Ignite Poison            Fire/Alch      1%         N/A       100%        4
 Leda's Liquefaction      Alch/Erth      0%         N/A       100%        4
 Summon Lightning Spire   Summ/Air       1%         N/A       100%        4
 Alistair's Intoxication  Alch           0%         N/A       100%        5
 Freezing Cloud           Conj/Ice/Air   3%         6-21      100%        5
 Summon Mana Viper        Hex/Summ       1%         N/A       100%        5
 Sculpt Simulacrum        Ice/Alch       0%         N/A       100%        6
 Summon Cactus Giant      Summ           0%         N/A       100%        6
 Monstrous Menagerie      Summ           0%         N/A       100%        7
 Ozocubu's Refrigeration  Ice            0%         4d7       100%        7
 Lehudib's Crystal Spear  Conj/Erth      4%         10d3      100%        8


Dungeon Overview and Level Annotations

Branches:
Dungeon (10/15)            Temple (1/1) D:7            Lair (0/5) D:10
    Orc (0/2) D:9          Bailey (visited)

Altars:
Ashenzari
Cheibriados
Dithmenos
Elyvilon
Fedhas
Gozag
Hepliaklqana
Kikubaaqudgha
Makhleb
Nemelex Xobeh
Okawaru
Qazlal
Ru
Sif Muna
Trog
Uskayaw
Vehumet
Wu Jian
Xom
Yredelemnul
Zin
The Shining One

Shops:
D:7 ?

Annotations:
D:8 2 transporters


Innate Abilities, Weirdness & Mutations

((You are very nimble when in or above water. (Stealth+, EV+, Speed+++)))
Your lower body shifts to a powerful aquatic tail in water.


Message History

You hit the yaktaur but do no damage.
The yaktaur is almost dead.
The yaktaur hits you but does no damage.
You hit the yaktaur. You burn the yaktaur.
You kill the yaktaur!
Your Shields skill increases to level 2!
No target in view!
Search for what [? for help]? sword You now have 489 gold pieces (gained 16).
Things that are here:
a +0 arbalest; 8 stones A cyan ugly thing is nearby!
Things that are here:
a +0 arbalest; 8 stones The cyan ugly thing gurgles horribly!
The cyan ugly thing stings you but does no damage.
You hit the cyan ugly thing but do no damage.
The cyan ugly thing closely misses you.
You puncture the cyan ugly thing! You burn the cyan ugly thing.
The cyan ugly thing is lightly wounded.
You block the cyan ugly thing's attack.
You hit the cyan ugly thing. You burn the cyan ugly thing.
The cyan ugly thing is moderately wounded.
The cyan ugly thing stings you! The cyan ugly thing shocks you!
You hit the cyan ugly thing. You burn the cyan ugly thing.
The cyan ugly thing is moderately wounded.
The cyan ugly thing stings you. The cyan ugly thing shocks you!
You hit the cyan ugly thing but do no damage.
The cyan ugly thing is moderately wounded.
The cyan ugly thing stings you. The cyan ugly thing shocks you!
You hit the cyan ugly thing. You burn the cyan ugly thing.
The cyan ugly thing is moderately wounded.
The cyan ugly thing stings you! The cyan ugly thing shocks you!
* * * LOW HITPOINT WARNING * * *
You stomp with the beat, sending a shockwave through the revellers around you!
The cyan ugly thing is severely wounded.
The cyan ugly thing stings you!
* * * LOW HITPOINT WARNING * * *
The cyan ugly thing shocks you!
You die...

.....###.## #..##.##...
..........# #...##.####
###.......# #.#..##....
#.......# #.##..###'#
#.......# #.#..##....
#.......# #...##.....
####...## #..##...#.#
##...u.#####..#....#.#
#....@..#.....#...##.#
##.......###.).'...#.#.
##.........##...#...#...
#.....).........#..##...
#.....>.....#.#.# .#....
#.............#..###....
#...........####..##....
#.#.....P.#........###'#
#.#....P..#####.........


You could see a cyan ugly thing.

Vanquished Creatures
  An ogre mage (D:10)
  A two-headed ogre (D:10)
  An orc high priest (Bailey)
  An occultist (D:10)
  Maurice (D:9)
  2 ugly things
  Maggie (D:7)
  Jeremiah (D:6)
  An unseen horror zombie (D:8)
  A yaktaur (D:10)
  A kobold demonologist (Bailey)
  3 hornets
  4 trolls
  Grinder (D:3)
  Sigmund (D:3)
  3 wyverns
  A basilisk (D:10)
  A wraith (D:10)
  18 yaks
  4 steam dragons
  Menkaure (D:7)
  A water moccasin (D:8)
  2 laughing skulls
  14 orc warriors
  A sky beast (D:8)
  2 black bears
  3 centaurs
  5 ogres
  A phantom (D:5)
  2 boggarts (D:10)
  4 kobold brigands
  7 bullfrogs
  2 necrophages (D:8)
  2 gnoll sergeants
  A scorpion (D:6)
  7 wights
  5 killer bees
  8 electric eels
  3 howler monkeys
  A bombardier beetle (D:5)
  A human zombie (D:8)
  A jelly (D:6)
  An orc priest (D:5)
  Crazy Yiuf (D:2)
  A gnoll bouda (D:7)
  2 hounds (D:5)
  3 iron imps (D:9)
  A sleepcap (D:5)
  Ijyb (D:3)
  Natasha (thrice) (D:3)
  4 iguanas
  6 orc wizards
  2 killer bee zombies (D:8)
  2 mummies (D:8)
  3 howler monkey zombies (D:8)
  15 gnolls
  6 adders
  A shadow imp (D:7)
  A white imp (D:5)
  4 ufetubi (D:6)
  4 dart slugs
  A ribbon worm (D:2)
  33 orcs
  6 ball pythons
  7 endoplasms
  3 giant cockroaches
  19 goblins
  17 hobgoblins
  4 jackals (D:1)
  5 quokkas
  7 bats
  2 frilled lizards
  32 kobolds
  2 rats (D:1)
321 creatures vanquished.

Notes
Turn   | Place    | Note
-------+----------+-------------------------------------------
     0 | D:1      | Aviak the Merfolk Conjurer began the quest for the Orb.
     0 | D:1      | Reached XP level 1. HP: 13/13 MP: 3/3
   215 | D:1      | Reached skill level 3 in Dodging
   259 | D:1      | Reached XP level 2. HP: 20/20 MP: 0/5
   343 | D:1      | Reached skill level 1 in Fighting
   512 | D:1      | Reached XP level 3. HP: 26/26 MP: 6/6
   875 | D:1      | Reached skill level 1 in Long Blades
  1161 | D:2      | Identified the +6 trident "Jowesh" {flame, rPois}
  1178 | D:2      | Found a faded altar of an unknown god.
  1366 | D:2      | Reached XP level 4. HP: 33/33 MP: 7/7
  1586 | D:2      | Reached skill level 1 in Polearms
  1701 | D:2      | Found a runed translucent door.
  1702 | D:2      | Noticed Crazy Yiuf
  1709 | D:2      | Killed Crazy Yiuf
  1710 | D:2      | Reached skill level 4 in Dodging
  1819 | D:3      | Noticed Natasha
  1829 | D:3      | Killed Natasha
  1830 | D:3      | Reached XP level 5. HP: 25/39 MP: 8/8
  1890 | D:3      | Noticed Natasha
  1898 | D:3      | Killed Natasha
  1982 | D:3      | Noticed Natasha
  1989 | D:3      | Killed Natasha
  2254 | D:3      | Noticed Sigmund
  2278 | D:3      | Killed Sigmund
  2279 | D:3      | Reached skill level 5 in Dodging
  2279 | D:3      | Reached XP level 6. HP: 36/48 MP: 9/9
  2286 | D:3      | Learned a level 2 spell: Searing Ray
  2324 | D:3      | Noticed Grinder
  2462 | D:3      | Paralysed by Grinder for 3 turns
  2469 | D:3      | Killed Grinder
  2470 | D:3      | Reached XP level 7. HP: 16/55 MP: 10/10
  2700 | D:3      | Noticed Ijyb
  2706 | D:3      | Paralysed by Ijyb for 3 turns
  2711 | D:3      | Killed Ijyb
  2712 | D:3      | Reached skill level 6 in Dodging
  3375 | D:5      | Entered Level 5 of the Dungeon
  3484 | D:5      | Reached skill level 5 in Polearms
  3497 | D:5      | Reached skill level 5 in Fighting
  3757 | D:5      | Reached XP level 8. HP: 62/62 MP: 11/11
  3770 | D:5      | Reached skill level 7 in Dodging
  4164 | D:6      | Noticed Jeremiah
  4179 | D:6      | Killed Jeremiah
  4180 | D:6      | Reached skill level 8 in Dodging
  4546 | D:6      | Reached skill level 9 in Dodging
  4549 | D:6      | Reached skill level 1 in Evocations
  4549 | D:6      | Reached XP level 9. HP: 72/72 MP: 12/12
  5516 | D:7      | Noticed Maggie
  5516 | D:7      | Found a sparkling altar of Nemelex Xobeh.
  5542 | D:7      | Killed Maggie
  5543 | D:7      | Reached skill level 10 in Dodging
  5576 | D:7      | Found Kengoe's Magic Scroll Boutique.
  5584 | D:7      | Bought a scroll of teleportation for 33 gold pieces
  5584 | D:7      | Bought a scroll of enchant armour for 82 gold pieces
  5584 | D:7      | Bought a scroll of blinking for 82 gold pieces
  5584 | D:7      | Bought a scroll of fog for 44 gold pieces
  5584 | D:7      | Bought a scroll of fear for 44 gold pieces
  5584 | D:7      | Bought a scroll of teleportation for 33 gold pieces
  5584 | D:7      | Bought a scroll of identify for 22 gold pieces
  5628 | D:7      | Found a flagged portal.
  5638 | Bailey   | Entered a bailey
  5817 | Bailey   | Reached skill level 1 in Armour
  6182 | Bailey   | Found an iron altar of Okawaru.
  6182 | Bailey   | Noticed an orc high priest
  6183 | Bailey   | Noticed a kobold demonologist
  6187 | Bailey   | Noticed an ice devil
  6199 | Bailey   | Killed an orc high priest
  6200 | Bailey   | Reached skill level 5 in Evocations
  6200 | Bailey   | Reached XP level 10. HP: 67/80 MP: 13/13
  6216 | Bailey   | Noticed an orange demon
  6217 | Bailey   | Noticed an orange demon
  6230 | Bailey   | Killed a kobold demonologist
  6873 | D:7      | Noticed Menkaure
  6881 | D:7      | Killed Menkaure
  6882 | D:7      | Acquired the +3 pair of gloves of Midwinter {Harm Rampage
                  | rPois Str-4}
  6929 | D:7      | Found a staircase to the Ecumenical Temple.
  6930 | D:7      | Reached skill level 10 in Fighting
  6930 | D:7      | Reached skill level 12 in Dodging
  6930 | D:7      | Reached XP level 11. HP: 92/92 MP: 14/14
  6937 | Temple   | Entered the Ecumenical Temple
  7849 | D:8      | Found a shadowy altar of Dithmenos.
  7852 | D:8      | Found a shimmering altar of Xom.
  7856 | D:8      | Found an iron altar of Okawaru.
  7952 | D:8      | Found a stormy altar of Qazlal.
  8038 | D:8      | Found a hide-covered altar of Uskayaw.
  8045 | D:8      | Became a worshipper of Uskayaw the Reveller
  8048 | D:8      | Reached * piety under Uskayaw
  8051 | D:8      | Reached ** piety under Uskayaw
  8107 | D:8      | Found a transporter.
  8191 | D:8      | Found a transporter.
  8250 | D:8      | Reached *** piety under Uskayaw
  8251 | D:8      | Reached skill level 1 in Invocations
  8507 | D:8      | Reached **** piety under Uskayaw
  8512 | D:8      | Reached ***** piety under Uskayaw
  8583 | D:8      | Found a basalt altar of Yredelemnul.
  8852 | D:9      | Found a burning altar of Makhleb.
  8882 | D:9      | Identified the +7 quarterstaff "Araq Cam" {flame, Str+3
                  | Stlth+}
  8986 | D:9      | Reached skill level 5 in Invocations
  9102 | D:9      | Reached XP level 12. HP: 87/98 MP: 16/16
  9538 | D:9      | Found a staircase to the Orcish Mines.
  9579 | D:9      | Reached ****** piety under Uskayaw
  9893 | D:9      | Noticed Maurice
  9905 | D:9      | Something stole a ring of positive energy
  9906 | D:9      | Something stole a +2 long sword of protection
  9907 | D:9      | Killed Maurice
  9974 | D:10     | Entered Level 10 of the Dungeon
 10485 | D:10     | Noticed a two-headed ogre
 10500 | D:10     | Killed a two-headed ogre
 10944 | D:10     | Paralysed by a boggart for 2 turns
 11058 | D:10     | Reached skill level 10 in Invocations
 11319 | D:10     | Noticed an occultist
 11339 | D:10     | Killed an occultist
 11564 | D:10     | Noticed a boulder beetle
 11564 | D:10     | Noticed an ogre mage
 11893 | D:10     | Got the Exposition on Petrified Cold
 12102 | D:10     | Killed an ogre mage
 12103 | D:10     | Reached skill level 1 in Shields
 12104 | D:10     | Found a staircase to the Lair.
 12242 | D:10     | Slain by a cyan ugly thing

Illustrated notes

Levels and vault maps discovered:
D:1:      ncdulo_halloftheorcs, layout_basic, serial_forest,
          infiniplex_forest_clump_diagonal, infiniplex_forest_end_2,
          infiniplex_forest_lined_3_way, infiniplex_forest_side_room,
          infiniplex_forest_straight_3, st_stairs_3
D:2:      layout_loops_ring, hellmonk_ecumenical_altar_pennies_from_heaven,
          uniq_crazy_yiuf_cottage
D:3:      layout_rooms, chequers_serial_rivers_micro_e, uniq_grinder,
          uniq_sigmund, uniq_ijyb, uniq_natasha
D:4:      layout_cave_pools, minmay_misc_feat_cross
D:5:      layout_loops_ring
D:6:      kennysheep_kobold_camp, layout_loops_corners, uniq_jeremiah
D:7:      layout_rooms, nemelex_dance_club_becter,
          minmay_temple_entry_gardened_gates, enter_bailey_3, serial_shops,
          nicolae_shop_tiny_waterfront, st_stairs_1, supply_closet_lemuel,
          nicolae_titane, uniq_maggie, uniq_menkaure
D:8:      layout_basic, grunt_temple_overflow_diamond,
          lemuel_mausoleum_altar_yredelemnul,
          mainiacjoe_overflow_catch_the_wave, nicolae_diode_stairs
D:9:      layout_rooms, demons_altar, kennysheep_orc_monster_closet_entryway,
          hangedman_minor_gate_pass, uniq_maurice
D:10:     minmay_the_grid_octo_2x2 [minmay_the_grid_octo_77,
          minmay_the_grid_octo_checkered, minmay_the_grid_octo_vomiting_pacman,
          minmay_the_grid_octo_prize_big_c], layout_basic, david_lair_generic,
          nicolae_lava_and_water
Temple:   nicolae_temple_great_sept

Skill      XL: |  1  2  3  4  5  6  7  8  9 10 11 12 |
---------------+-------------------------------------+-----
Dodging        | 3 4 5 6 9 10 12 | 12.3
Fighting       | 1 2 3 4 5 7 8 10 | 10.3
Long Blades    | 1 |  1.1
Polearms       | 1 3 4 5 6 |  6.0
Conjurations   | 4 |  4.0
Evocations     | 1 5 6 8 |  8.0
Armour         | 3 6 |  6.1
Invocations    | 5 11 | 11.6
Shields        | 2 |  2.1
Stealth        | |  2.1
Spellcasting   | |  2.0

Action                     |  1- 3 |  4- 6 |  7- 9 | 10-12 || total
---------------------------+-------+-------+-------+-------++-------
  Melee: Unarmed           |    12 |       |       |       ||    12
         Dagger            |    14 |       |       |       ||    14
         Long sword        |    42 |       |       |       ||    42
         Trident           |     3 |    73 |   322 |   669 ||  1067
         Punch             |     1 |       |     4 |    14 ||    19
         Tailslap          |       |       |       |     1 ||     1
   Cast: Magic Dart        |    21 |     5 |     3 |     2 ||    31
         Searing Ray       |       |     2 |     3 |       ||     5
 Invoke: Grand Finale      |       |       |       |     3 ||     3
         Stomp             |       |       |       |     1 ||     1
  Evoke: Wand              |       |     1 |     7 |    13 ||    21
    Use: Potion            |       |     1 |       |     4 ||     5
         Scroll            |       |       |     2 |    10 ||    12
   Stab: Sleeping          |     5 |     5 |    18 |    12 ||    40
         Distracted        |       |     2 |     3 |     1 ||     6
         Paralysed         |       |       |     9 |    31 ||    40
         Invisible         |       |       |     1 |       ||     1
 Armour: Robe              |    37 |    32 |    88 |       ||   157
         Skin              |       |     6 |     3 |       ||     9
         Swamp dragon scal |       |       |    38 |   420 ||   458
  Dodge: Dodged            |    55 |    31 |   170 |   385 ||   641
  Block: Buckler           |       |       |       |     4 ||     4
